 Dungeon Crawl Stone Soup version 0.32-a0-520-g344ed53f66 (webtiles) character file.

Game seed: 15233317375808056611

44 anonymouscript the Grasshopper (level 3, 0/35 HPs)
             Began as a Troll Warper on Feb 28, 2024.
             Succumbed to an adder's poison
             ... on level 2 of the Dungeon.
             The game lasted 00:03:33 (884 turns).

anonymouscript the Grasshopper (Troll Warper)        Turns: 884, Time: 00:03:34

Health: 0/35       AC:  4    Str: 19    XL:     3   Next: 41%
Magic:  4/4        EV: 10    Int:  9    God:
Gold:   83         SH:  0    Dex: 11    Spells: 4/4 levels left

rFire   . . .        a - +0 falchion
rCold   . . .        (no shield)
rNeg    . . .        b - +0 robe
rPois   .            (helmet restricted)
rElec   .            (no cloak)
rCorr   .            (gloves unavailable)
SInv    +            (boots unavailable)
Will    .....        (no amulet)
Stlth   +            k - ring of see invisible
HPRegen 1.05/turn    (no ring)
MPRegen 0.09/turn

%: no passive effects
@: lethally poisoned (0 -> -8)
A: large, unfitting armour, claws 3, regeneration 1, shaggy fur 1, tough skin 1
a: no special abilities


You were on level 2 of the Dungeon.
You visited 1 branch of the dungeon, and saw 2 of its levels.

You collected 83 gold pieces.

Inventory:

Hand Weapons
 a - a +0 falchion (weapon)
 g - a +0 mace
 h - a +2 heavy hand axe
Missiles
 d - 7 darts of dispersal
 o - 2 poisoned darts
Armour
 b - a +0 robe (worn)
Jewellery
 k - a ring of see invisible (left claw)
Scrolls
 c - a scroll of blinking
 f - a scroll of immolation {unknown}
 i - a scroll of vulnerability {unknown}
 l - a scroll of teleportation {unknown}
 p - a scroll of amnesia {unknown}
Potions
 e - a potion of curing {unknown}
 j - a potion of attraction {unknown}
 m - a potion of mutation {unknown}
 n - a potion of enlightenment {unknown}


   Skills:
 + Level 2.2 Fighting
 + Level 1.9 Long Blades
 + Level 0.8 Throwing
 + Level 2.2 Dodging
 + Level 1.3 Spellcasting
 + Level 2.5 Translocations


You had 4 spell levels left.
You didn't know any spells.
Your spell library contained the following spells:

 Spells                   Type           Power      Damage    Failure   Level
 Blink                    Tloc           10%        N/A       19%         2
 Lesser Beckoning         Tloc           10%        N/A       19%         2
 Teleport Other           Tloc           5%         N/A       36%         3
 Manifold Assault         Tloc           5%         N/A       77%         4
 Vhi's Electric Charge    Tloc/Air       4%         N/A       91%         4


Dungeon Overview and Level Annotations

Branches:
Dungeon (2/15)

Altars:


Innate Abilities, Weirdness & Mutations

You are too large for most types of armour.
You have claws for hands.
Your natural rate of healing is unusually fast.
You are covered in fur. (AC +1)
You have tough skin. (AC +1)


Message History

The stream of webbing hits you but does no damage.
You are caught in a web!
The adder bites you but does no damage.
The web tears apart.
The adder barely misses you. The ribbon worm barely misses you.
You hit the ribbon worm.
You kill the ribbon worm!
The adder bites you.
You are poisoned.
The adder poisons you! The adder bites you.
You feel sick.
You see here a ribbon worm corpse.
You barely miss the adder.
You feel sick. The adder bites you. x2
You miss the adder.
You feel sick. The adder bites you but does no damage.
You closely miss the adder.
You feel sick. The adder bites you.
You are more poisoned.
The adder poisons you! The adder bites you but does no damage.
You miss the adder.
You feel sick.
The adder bites you but does no damage. x2
You closely miss the adder.
You feel sick. The adder bites you but does no damage.
You miss the adder.
You feel sick. The adder bites you but does no damage. The adder bites you.
You are more poisoned.
The adder poisons you!
You hit the adder but do no damage.
You feel very sick. The adder bites you.
* * * LOW HITPOINT WARNING * * *
You are more poisoned.
The adder poisons you!
You closely miss the adder.
You feel very sick. The adder bites you.
* * * LOW HITPOINT WARNING * * *
You are more poisoned.
The adder poisons you! The adder bites you.
* * * LOW HITPOINT WARNING * * *
Blink to where?
Press: ? - help, Dir - move target
As you read the scroll of blinking, it crumbles to dust.
You die...

##.# #..# #S.# # #...
#..#########ยง##
#.##.#.###...........#
........##..........##
........##..........#
...............(....#
##....##.##.#.[..####
..... #..#.#.....##
#...#.###....@.....#####
(.# #....................
. ....#..#..............
....#..##.............
......................
.........................
..###.#...............
..#
..###.###.............
... #...).#
#............. #..


There were no monsters in sight!

Vanquished Creatures
  An adder (D:2)
  2 ribbon worms (D:2)
  3 dart slugs
  4 ball pythons
  3 bats
  A giant cockroach (D:1)
  A goblin (D:1)
  A hobgoblin (D:1)
  A quokka (D:1)
  3 frilled lizards
  2 kobolds (D:1)
  2 rats
24 creatures vanquished.

Notes
Turn   | Place    | Note
-------+----------+-------------------------------------------
     0 | D:1      | anonymouscript the Troll Warper began the quest for the
                  | Orb.
     0 | D:1      | Reached XP level 1. HP: 19/19 MP: 1/1
   297 | D:1      | Reached XP level 2. HP: 22/28 MP: 2/2
   739 | D:2      | Reached XP level 3. HP: 35/35 MP: 4/4
   884 | D:2      | Succumbed to an adder's poison

Illustrated notes

Levels and vault maps discovered:
D:1:      spicycebolla_arrival_risky_transporter, layout_basic,
          minmay_misc_feat_secret_circle, chequers_serial_rivers_small_3,
          feat_on_display
D:2:      layout_rooms, minmay_fountain_box

Skill      XL: |  1  2 |
---------------+-------+-----
Dodging        | 2 |  2.2
Fighting       | 2 |  2.2
Long Blades    | |  1.9
Throwing       | |  0.8
Spellcasting   | |  1.3
Translocations | |  2.5

Action                     || total
---------------------------++-------
  Melee: Falchion          ||   145
  Throw: Stone             ||    11
         Dart              ||     6
    Use: Scroll            ||     1
 Armour: Robe              ||   149
  Dodge: Dodged            ||   122
         Repelled          ||     1

Table legend: (Time is in decaauts)
 A = Elapsed time spent in this place.
 B = Non-inter-level travel time spent in this place.
 C = Inter-level travel time spent in this place.
 D = Time resting spent in this place.
 E = Time spent auto-exploring this place.
 F = Levels seen in this place.
 G = Mean time per level.
                   A        B        C        D        E       F      G
               +--------+--------+--------+--------+--------+-----+--------+
         Total |    915 |    904 |     11 |      0 |    506 |   2 |  457.5 |
       Dungeon |    915 |    904 |     11 |      0 |    506 |   2 |  457.5 |
               +--------+--------+--------+--------+--------+-----+--------+

Top non-repeatable levels by time:
     D:1: 665 daAuts
     D:2: 249 daAuts
